Cogmind - Beta 10.2 @@@ ROGUE MODE // 2021.05.05 @ 12:14:59 Player: ChromeKnight Result: Destroyed by S-43 Plague with Heavy Machine Gun Performance ------------- Evolutions (8) 4000 Regions Visited (20) 4000 Robots Destroyed (117) 585 Value Destroyed (5072) 5072 Prototype IDs (47) 940 Alien Tech Used (0) 0 Bonus (5583) 5583 TOTAL SCORE: 20180 Bonus ------- Triggered High Security 500 High Alert Combat Kills 1095 Follower Combat Kills 2633 Network Hubs Disabled 200 Aligned with FarCom 300 Met Data Miner 300 A7 Reached Mainframe 300 Met R17 at Cetus 500 Friendly Fire -245 Cogmind --------- Core Integrity 0/1450 Matter 300/300 Energy 84/100 System Corruption 19% Temperature Cool (0) Movement Core (50) Location -2/Research Parts ------- > --- POWER (2) -------- (None) > --- PROPULSION (2) --- (None) > --- UTILITY (17) ----- (None) > --- WEAPON (2) ------- (None) > --- INVENTORY (4) ---- (None) Peak State ------------ > --- POWER ------------ Micro Fission Core Micro Fission Core > --- PROPULSION ------- Field Propulsion Array > --- UTILITY ---------- Advanced Heat Sink Medium Storage Unit Advanced Weight Redist. System Advanced Weight Redist. System Advanced Weight Redist. System Experimental Optical Array Advanced Signal Interpreter Improved Target Analyzer Light Regenerative Plating Experimental Thermal Shield Improved Hacking Suite Improved Hacking Suite Improved System Shield Improved System Shield Advanced System Shield > --- WEAPON ----------- Hypervelocity Railgun Hypervelocity Gauss Cannon > --- INVENTORY -------- Advanced Heat Sink Advanced Signal Interpreter Skeleton Box Improved System Backup Module Improved KE Penetrator Bore Cannon Thunder Hammer Power Sword [Rating: 115] Favorites ----------- Power Micro Nuclear Core Engine Improved Ion Engine Power Core Micro Nuclear Core Propulsion Aluminum Leg Leg Aluminum Leg Wheel Armored Huge Wheel Hover Unit Improved Antigrav System Flight Unit Cooled VTOL Module Utility Advanced Weight Redist. System Device Advanced Weight Redist. System Storage Medium Storage Unit Processor Advanced Signal Interpreter Hackware Improved Hacking Suite Protection Light Regenerative Plating Weapon Chainsword Energy Gun AWS/Thermal Energy Cannon Light EM Pulse Cannon Ballistic Gun Makeshift Shrapnel Gun Ballistic Cannon Bore Cannon Launcher Gamma Bomb Array Impact Weapon Thunder Hammer Slashing Weapon Chainsword Piercing Weapon Enhanced Force Lance Build | -11 -10 -9 -9 -9 -8 -8 -7 -7 -7 -7 -6 -6 -5 -5 -5 -5 -5 -4 -3 -2 ------- Run | Scr Mat Mat Min Exi Min Mat Fac Low Low Dat Pro Fac Fac Ext Cet Arc Hub Fac Res Res Slots Evolved 16 | . . 2 . . . 2 2 . . . . 2 2 . . . . 2 2 2 Power 1 | . . 1 . . . . . . . . . . . . . . . . . . Propulsion . | . . . . . . . . . . . . . . . . . . . . . Utility 15 | . . 1 . . . 2 2 . . . . 2 2 . . . . 2 2 2 Weapon . | . . . . . . . . . . . . . . . . . . . . . Parts Attached 206 | 6 8 13 11 3 1 10 26 3 1 . 3 18 20 14 4 1 6 13 31 14 Power 27 | 1 1 4 2 . 1 2 4 . . . . 2 2 4 . . . 1 3 . Engine 8 | 1 1 4 2 . . . . . . . . . . . . . . . . . Core 19 | . . . . . 1 2 4 . . . . 2 2 4 . . . 1 3 . Reactor . | . . . . . . . . . . . . . . . . . . . . . Propulsion 34 | 2 2 1 2 . . 1 5 . . . 1 5 3 1 . . . 1 5 5 Treads . | . . . . . . . . . . . . . . . . . . . . . Leg 7 | 2 2 1 2 . . . . . . . . . . . . . . . . . Wheel 1 | . . . . . . 1 . . . . . . . . . . . . . . Hover 2 | . . . . . . . . . . . . . . . . . . . . 2 Flight 24 | . . . . . . . 5 . . . 1 5 3 1 . . . 1 5 3 Utility 83 | 1 2 3 5 2 . 5 9 . . . 1 8 10 5 2 1 3 6 16 4 Device 36 | . 1 1 4 . . . 6 . . . 1 3 4 3 1 . 2 1 7 2 Storage 6 | 1 1 . . . . . 1 . . . . 2 1 . . . . . . . Processor 15 | . . . . 2 . 2 . . . . . 1 2 . . . 1 1 4 2 Hackware 13 | . . . . . . 1 2 . . . . 2 1 . . 1 . 4 2 . Protection 13 | . . 2 1 . . 2 . . . . . . 2 2 1 . . . 3 . Artifact . | . . . . . . . . . . . . . . . . . . . . . Weapon 62 | 2 3 5 2 1 . 2 8 3 1 . 1 3 5 4 2 . 3 5 7 5 Energy Gun 20 | 2 . 2 1 1 . 1 7 1 . . 1 2 2 . . . . . . . Energy Cannon 3 | . 3 . . . . . . . . . . . . . . . . . . . Ballistic Gun 11 | . . 2 . . . . . . 1 . . . . 2 1 . 1 . 4 . Ballistic Cannon 13 | . . 1 1 . . . . . . . . . . 2 1 . 2 4 2 . Launcher 3 | . . . . . . 1 . . . . . . . . . . . . 1 1 Special Weapon . | . . . . . . . . . . . . . . . . . . . . . Impact Weapon 1 | . . . . . . . . . . . . . . . . . . 1 . . Slashing Weapon 7 | . . . . . . . 1 2 . . . 1 3 . . . . . . . Piercing Weapon 4 | . . . . . . . . . . . . . . . . . . . . 4 Special Melee Weapon . | . . . . . . . . . . . . . . . . . . . . . Unidentified Prototypes 13 | . . . 1 . . 1 4 . . . . 2 1 . 1 . . 1 1 1 Parts Lost 42 | . . 1 . . . 1 . . . . 6 1 . 3 . . 3 1 6 20 Power 6 | . . . . . . . . . . . 2 1 . 1 . . . . . 2 Propulsion 8 | . . . . . . . . . . . 2 . . 1 . . . . 1 4 Utility 21 | . . . . . . 1 . . . . . . . 1 . . 2 1 5 11 Weapon 7 | . . 1 . . . . . . . . 2 . . . . . 1 . . 3 Highest Loss Streak 20 | . . 1 . . . 1 . . . . 5 1 . 3 . . 3 1 4 20 Average Slot Usage (%) 91 | . 95 97 100 92 87 80 87 97 100 100 93 92 94 92 94 94 91 83 93 65 Engine 5 | . 14 22 22 22 17 3 . . . . . . 4 . . . . . . . Core 8 | . . . . . 4 14 13 15 15 15 9 11 4 10 11 11 11 9 9 5 Leg 5 | . 28 22 22 22 22 7 . . . . . . . . . . . . . . Flight 6 | . . . . . . . 10 15 15 15 15 12 8 5 5 5 5 4 4 3 Device 14 | . 10 11 13 9 . . 10 23 23 23 22 18 18 15 17 17 15 11 17 7 Storage 7 | . 14 11 11 11 11 9 7 7 7 7 7 6 4 5 5 5 5 5 4 2 Processor 10 | . . . . 11 22 17 12 7 7 7 7 6 7 11 11 11 11 14 19 22 Hackware 14 | . . . . . . 8 14 15 15 15 15 25 28 23 23 23 23 24 22 15 Protection 2 | . . 8 8 . . 5 4 . . . . . . 4 4 5 5 5 3 . Energy Gun 5 | . . 12 11 10 11 8 9 4 2 . . 3 4 . . . . . . . Energy Cannon 1 | . 26 4 . . . . . . . . . . . . . . . . . . Ballistic Gun 1 | . . 1 . . . . . . 4 7 6 . . 1 . . . 5 4 . Ballistic Cannon 2 | . . 3 11 4 . . . . . . . . . 6 10 11 9 1 2 . Slashing Weapon 2 | . . . . . . . . 6 7 7 7 6 5 1 . . . . . . Naked Turns 3 | . . . . . . . . . . . . . . . . . . . . 3 Heaviest Build 45 | 11 30 37 45 43 40 44 45 31 28 26 26 31 28 43 41 41 41 39 43 36 Greatest Support 50 | 20 20 20 20 20 20 28 31 31 31 31 31 34 41 50 41 41 41 41 50 41 Greatest Overweight (x) 8 | 3 1 1 2 2 1 1 8 . . . 3 1 . 1 . . 1 . 1 2 Average Overweight (x) . | . . 1 1 1 1 1 1 . . . . . . . . . . . . . Largest Inventory Capacity 12 | 6 12 10 10 10 10 10 10 8 8 8 8 10 8 8 8 8 8 8 8 8 Average Capacity 8 | 5 9 10 10 10 10 10 9 8 8 8 8 8 7 8 8 8 8 8 8 6 Most Carried 10 | 2 10 10 10 10 8 10 10 8 8 7 8 9 8 8 8 8 8 8 8 8 Average Carried 8 | . 5 9 9 9 8 9 9 7 7 7 6 7 7 7 8 8 7 7 7 6 Final Capacity 10 | 6 10 10 10 10 10 10 8 8 8 8 8 8 8 8 8 8 8 8 8 4 Final Carried 10 | 2 9 10 10 8 8 10 8 7 7 7 7 8 8 8 8 8 6 8 5 . Class Distribution -------------------- 28% | Hacker-Mutant 17% | Hacker-Sprinter 16% | Scavenger-Mutant 13% | Mutant 9% | Hacker-Scout 7% | Wizard-Mutant 4% | Commander-Mutant Dominant Class ---------------- Mutant | -10/Materials Scavenger-Mutant | -9/Materials Scavenger-Mutant | -9/Mines Mutant | -9/Exiles Mutant | -8/Mines Mutant | -8/Materials Hacker-Mutant | -7/Factory Hacker-Sprinter | -7/Lower Caves Hacker-Sprinter | -7/Lower Caves Hacker-Sprinter | -7/Data Miner Hacker-Sprinter | -6/Proximity Caves Hacker-Mutant | -6/Factory Hacker-Mutant | -5/Factory Commander-Mutant | -5/Extension Commander-Mutant | -5/Cetus Commander-Mutant | -5/Archives Hacker-Scout | -5/Hub_04(d) Wizard-Mutant | -4/Factory Wizard-Mutant | -3/Research Hacker-Scout | -2/Research Resources | -11 -10 -9 -9 -9 -8 -8 -7 -7 -7 -7 -6 -6 -5 -5 -5 -5 -5 -4 -3 -2 ----------- Run | Scr Mat Mat Min Exi Min Mat Fac Low Low Dat Pro Fac Fac Ext Cet Arc Hub Fac Res Res Matter Collected 3905 | 260 168 249 205 30 10 65 211 109 10 . . 195 158 401 334 164 117 308 738 173 Remotely . | . . . . . . . . . . . . . . . . . . . . . Salvage Created 5658 | 140 374 396 474 . 150 422 431 84 . . 100 398 238 461 240 65 234 163 861 427 Parts 263 | 7 13 23 21 . 5 18 23 . . . 5 11 11 18 7 3 9 6 55 28 Haulers Intercepted 5 | . . . . . . . 2 . . . . 1 1 . . . . . 1 . Recyclers Shooed 5 | 1 . . 1 . . . 2 . . . . . . 1 . . . . . . Parts Field Recycled . | . . . . . . . . . . . . . . . . . . . . . Retrieved Matter . | . . . . . . . . . . . . . . . . . . . . . Parts Self-Destructed 19 | . . . . . . . . 7 . . 12 . . . . . . . . . Prevented 2 | . . . . . . . . 2 . . . . . . . . . . . . Kills | -11 -10 -9 -9 -9 -8 -8 -7 -7 -7 -7 -6 -6 -5 -5 -5 -5 -5 -4 -3 -2 ------- Run | Scr Mat Mat Min Exi Min Mat Fac Low Low Dat Pro Fac Fac Ext Cet Arc Hub Fac Res Res Combat Hostiles Destroyed 75 | . 7 6 6 . 3 8 6 2 . . 2 . 1 7 4 . 2 2 10 9 Melee 12 | . . . . . . . . . . . 2 . 1 . . . . . 1 8 Guns 32 | . . 4 4 . 3 8 6 1 . . . . . 2 . . . 1 3 . Cannons 25 | . 5 2 2 . . . . . . . . . . 5 4 . 2 1 4 . AOE 3 | . 1 . . . . . . . . . . . . . . . . . 2 . Classes Destroyed 14 | 2 2 2 2 . 1 . 2 . . . . . . . . . 2 . 1 . Worker 9 | . . . 3 . . . . . . . . 3 . . . . 3 . . . Builder 2 | . . . . . . . . . . . . . . . . . 2 . . . Tunneler 5 | 2 1 . 1 . . . . . . . . . . . . . . . 1 . Hauler 5 | . . . . . . . 2 . . . . 1 1 . . . . . 1 . Recycler 6 | 1 . 1 3 . . . . . . . . 1 . . . . . . . . Operator 3 | . . 1 . . . . . . . . . . . . . 2 . . . . Watcher 12 | . 1 1 . . . . 3 . . . . 2 1 . . . 1 1 2 . Swarmer 11 | . . . 3 . . . . . . . 1 . . . . . . . 2 5 Saboteur 1 | . . . . . . . . . . . . . . . . . . . 1 . Grunt 26 | . 7 2 3 . 2 3 3 1 . . . . . 3 . . . 2 . . Brawler 2 | . . . . . 1 . . . . . . . . 1 . . . . . . Sentry 17 | . . 4 . . . 5 . 1 . . 1 . 1 2 . . . . 3 . Hunter 1 | . . . . . . . . . . . . . . . . . 1 . . . Programmer 13 | . . . . . . . 3 . . . . . . 1 . . 1 . 4 4 Cetus Guard 4 | . . . . . . . . . . . . . . . 4 . . . . . Best Kill Streak 7 | 3 4 2 4 . 2 3 3 2 . . 2 3 1 2 2 2 7 2 4 4 Combat Bots Only 4 | . 3 2 3 . 2 3 3 2 . . 2 . 1 2 2 . 1 2 3 4 Max Kills in Single Turn 7 | 2 2 1 1 . 1 1 1 1 . . 1 1 1 2 1 1 7 1 2 1 Gunslinging . | . . . . . . . . . . . . . . . . . . . . . Exploded 2 | . 1 . . . . . . . . . . . . . . . . . 2 . Melee 1 | . . . . . . . . . . . 1 . 1 . . . . . 1 1 Uniques/NPCs Destroyed . | . . . . . . . . . . . . . . . . . . . . . Combat | -11 -10 -9 -9 -9 -8 -8 -7 -7 -7 -7 -6 -6 -5 -5 -5 -5 -5 -4 -3 -2 -------- Run | Scr Mat Mat Min Exi Min Mat Fac Low Low Dat Pro Fac Fac Ext Cet Arc Hub Fac Res Res Damage Taken 8470 | . 305 340 241 . 33 240 179 140 15 . 839 206 163 623 123 58 590 200 1464 2711 Core 2881 | . 49 . 23 . . 59 61 36 15 . 355 37 71 110 15 14 160 63 353 1460 Absorbed by Shields 382 | . . . . . . . . . . . . . . 239 89 28 26 . . . Core Remaining (%) 80 | 100 80 . . . 94 89 . . . . 33 95 . . . . 63 94 72 . Volleys Fired 258 | 5 21 23 20 . . . 18 5 10 . 4 15 6 31 21 15 17 12 35 . Largest 2 | 2 2 2 2 . . . 2 1 1 . 1 1 1 2 2 2 2 2 2 . Hottest 115 | 80 112 112 114 . . . 110 55 55 . 55 60 60 114 114 114 114 92 115 . Shots Fired 515 | 10 28 44 40 . 14 41 61 5 10 . 4 15 6 50 42 30 30 19 66 . Gun 292 | 10 . 31 20 . 14 41 61 5 10 . 4 15 6 30 . . 1 11 33 . Cannon 221 | . 28 13 20 . . . . . . . . . . 20 42 30 29 8 31 . Launcher 2 | . . . . . . . . . . . . . . . . . . . 2 . Special . | . . . . . . . . . . . . . . . . . . . . . Kinetic 255 | . . 7 20 . . . . . . . 2 . . 41 42 30 30 19 64 . Thermal 118 | . . . 14 . 14 41 49 . . . . . . . . . . . . . Explosive . | . . . . . . . . . . . . . . . . . . . . . Electromagnetic 142 | 10 28 37 6 . . . 12 5 10 . 2 15 6 9 . . . . 2 . Robot Hit Streak 60 | 5 6 10 24 . 38 60 11 9 2 . 2 5 7 8 6 8 1 5 6 . Robot Miss Streak 9 | 1 3 2 4 . . 1 3 1 6 . 7 2 . 5 8 8 9 2 7 . Penetration Max 1 | . . . . . . . . . . . . . . 1 1 1 1 1 1 . Secondary Targets . | . . . . . . . . . . . . . . . . . . . . . Autonomous 85 | . . . . . 14 41 30 . . . . . . . . . . . . . Shots Hit Robots 362 | 7 17 29 28 . 14 39 44 14 3 . 7 16 12 23 16 10 5 9 37 32 Core Hits 187 | 4 9 13 14 . 5 10 18 5 1 . 4 7 4 13 4 6 11 7 27 25 Critical Hits 72 | . . . . . . . . . . . . . 1 8 14 9 6 4 22 8 Critical Kills 26 | . . . . . . . . . . . . . . 4 4 2 2 2 11 1 Critical Parts Destroyed 38 | . . . . . . . . . . . . . 1 4 7 4 4 2 11 5 Melee Attacks 88 | . . . . . . . . 13 . . 5 18 6 . . . . . . 46 Impact . | . . . . . . . . . . . . . . . . . . . . . Slashing 42 | . . . . . . . . 13 . . 5 18 6 . . . . . . . Piercing 46 | . . . . . . . . . . . . . . . . . . . . 46 Sneak Attacks 2 | . . . . . . . . . . . . 2 . . . . . . . . Combat Hostiles . | . . . . . . . . . . . . . . . . . . . . . Follow-up Attacks 3 | . . . . . . . . . . . . . 1 . . . . . . 2 Damage Inflicted 11616 | 89 604 537 611 . 407 1120 1196 380 54 . 211 677 442 802 527 326 1108 342 751 1432 Guns 5152 | 89 . 331 333 . 407 1120 1190 47 54 . 20 280 155 532 . . 57 268 269 . Cannons 2672 | . 474 180 278 . . . . . . . . . . 270 527 326 241 74 302 . Explosions 1184 | . 130 26 . . . . . . . . . . 38 . . . 810 . 180 . Melee 2558 | . . . . . . . . 333 . . 191 397 249 . . . . . . 1388 Ramming 50 | . . . . . . . 6 . . . . . . . . . . . . 44 Kinetic 3061 | . . 84 278 . . . . . . . . . . 635 527 326 298 342 571 . Thermal 3101 | . 130 26 291 . 407 1120 1089 . . . . . 38 . . . . . . . Explosive . | . . . . . . . . . . . . . . . . . . . . . Electromagnetic 2846 | 89 474 427 42 . . . 101 47 54 . 20 280 155 167 . . 810 . 180 . Impact . | . . . . . . . . . . . . . . . . . . . . . Slashing 1170 | . . . . . . . . 333 . . 191 397 249 . . . . . . . Piercing 1388 | . . . . . . . . . . . . . . . . . . . . 1388 Highest Corruption 19 | . . . . . . . 1 1 1 1 1 . . . . . 3 4 2 19 Average Corruption 2 | . . . . . . . 1 1 1 1 1 . . . . . 2 4 1 7 Corruption Purged . | . . . . . . . . . . . . . . . . . . . . . Effects 42 | . . . . . . . 2 2 3 . 6 . . . . . . 10 3 16 Message Errors 7 | . . . . . . . . . 2 . 4 . . . . . . . . 1 Matter Fused 2 | . . . . . . . . . . . . . . . . . . 1 . 1 Heat Flow Errors 3 | . . . . . . . . . . . . . . . . . . 1 . 2 Energy Discharges 6 | . . . . . . . . . . . 2 . . . . . . 3 1 . Data Loss (minor) 11 | . . . . . . . 1 2 1 . . . . . . . . 4 2 1 Data Loss (major) 1 | . . . . . . . . . . . . . . . . . . . . 1 Misdirections 6 | . . . . . . . . . . . . . . . . . . . . 6 Targeting Errors 5 | . . . . . . . 1 . . . . . . . . . . . . 4 Weapon Failures 1 | . . . . . . . . . . . . . . . . . . 1 . . Overload Shots . | . . . . . . . . . . . . . . . . . . . . . Overflow Damage 286 | . . 6 . . . . . 92 . . . 66 . . . . 34 . . 88 Projectiles 1 | . . 1 . . . . . . . . . . . . . . . . . . Explosions 39 | . . 5 . . . . . . . . . . . . . . 34 . . . Melee 246 | . . . . . . . . 92 . . . 66 . . . . . . . 88 Knockbacks 21 | . . . 5 . . . . . . . . . . 3 2 2 3 3 3 . Impact . | . . . . . . . . . . . . . . . . . . . . . Kinetic 17 | . . . 3 . . . . . . . . . . 2 2 2 3 2 3 . Secondary 4 | . . . 2 . . . . . . . . . . 1 . . . 1 . . Self-Inflicted Damage 207 | . . 49 . . . . 3 . . . . . 45 . . . 92 . . 18 Shots 3 | . . 1 . . . . . . . . . . 1 . . . 1 . . . Rammed 17 | . . . . . . . 1 . . . . . . . . . . . . 16 Targets Rammed 17 | . . . . . . . 1 . . . . . . . . . . . . 16 Kicked . | . . . . . . . . . . . . . . . . . . . . . Crushed . | . . . . . . . . . . . . . . . . . . . . . Highest Temperature 396 | 54 110 96 353 . . . 324 54 172 . . 161 13 291 64 64 396 152 72 231 Average Temperature 67 | 26 42 31 94 . . . 114 26 94 . . 60 11 71 21 18 144 49 22 112 Received Heat Transfer 1230 | . 171 99 87 . 18 99 36 27 . . 18 57 36 123 21 8 58 51 204 117 Effects 2 | . . . 1 . . . . . . . . . . . . . 1 . . . Shutdowns 1 | . . . 1 . . . . . . . . . . . . . . . . . Damage (minor) 1 | . . . . . . . . . . . . . . . . . 1 . . . Siege Activations . | . . . . . . . . . . . . . . . . . . . . . Robots Corrupted 3 | . 1 . . . . . . . . . . 1 1 . . . . . . . Combat Hostiles 1 | . 1 . . . . . . . . . . . . . . . . . . . Parts Fried 24 | . 10 2 . . . . . . . . . 3 1 . . . 8 . . . Impact Corruptions . | . . . . . . . . . . . . . . . . . . . . . Robots Melted . | . . . . . . . . . . . . . . . . . . . . . Combat Hostiles . | . . . . . . . . . . . . . . . . . . . . . Parts Melted 15 | . . . 1 . . 3 5 . . . . . . . . . . . . 6 Heat Transferred 4172 | . 150 50 518 . 518 1406 1480 . . . . . 50 . . . . . . . Parts Sabotaged 3 | . . . . . . . . . . . . . . . . . . . 3 . Parts Stolen 1 | . . . . . . . . . 1 . . . . . . . . . . . Parts Stripped . | . . . . . . . . . . . . . . . . . . . . . Power Chain Reactions 3 | . 1 1 . . . . . . . . . . 1 . . . . . . . Missiles Intercepted . | . . . . . . . . . . . . . . . . . . . . . Alert | -11 -10 -9 -9 -9 -8 -8 -7 -7 -7 -7 -6 -6 -5 -5 -5 -5 -5 -4 -3 -2 ------- Run | Scr Mat Mat Min Exi Min Mat Fac Low Low Dat Pro Fac Fac Ext Cet Arc Hub Fac Res Res Peak Influence 1752 | 15 171 250 164 . 70 287 207 . . . . 648 440 649 1064 664 1170 717 1752 1651 Initial 1100 | . 9 20 45 . . . 46 . . . . 2 312 142 363 425 232 544 291 1100 Average 296 | 3 98 135 38 . 15 92 68 . . . . 162 145 374 755 597 257 590 1072 1203 Maximum Alert Level 5 | . . 1 . . . 1 1 . . . . 2 2 2 3 2 4 3 5 5 Low Security (%) 64 | 100 100 71 100 . 100 83 96 . . . . 78 67 14 . . 65 . . . Level 1 9 | . . 28 . . . 16 3 . . . . . 20 41 14 . 23 . 10 . Level 2 13 | . . . . . . . . . . . . 21 12 43 25 100 . 83 23 . Level 3 2 | . . . . . . . . . . . . . . . 59 . . 16 8 . Level 4 8 | . . . . . . . . . . . . . . . . . 11 . 39 98 Level 5 1 | . . . . . . . . . . . . . . . . . . . 11 1 High Security . | . . . . . . . . . . . . . . . . . . . 5 . Max Security . | . . . . . . . . . . . . . . . . . . . . . Squads Dispatched 31 | . 2 . . . . 1 6 . . . . 2 1 . . . 4 2 10 3 Investigation 3 | . 2 . . . . . 1 . . . . . . . . . . . . . Extermination 11 | . . . . . . . 4 . . . . 1 1 . . . 1 . 3 1 Reinforcement 7 | . . . . . . 1 1 . . . . 1 . . . . 2 1 . 1 Assault 6 | . . . . . . . . . . . . . . . . . 1 1 3 1 Garrison 4 | . . . . . . . . . . . . . . . . . . . 4 . Intercept . | . . . . . . . . . . . . . . . . . . . . . Construction Impeded 1 | . . . . . . . . . . . . . . . . . . . . 1 Haulers Reinforced 1 | . . . . . . . 1 . . . . . . . . . . . . . Stealth | -11 -10 -9 -9 -9 -8 -8 -7 -7 -7 -7 -6 -6 -5 -5 -5 -5 -5 -4 -3 -2 --------- Run | Scr Mat Mat Min Exi Min Mat Fac Low Low Dat Pro Fac Fac Ext Cet Arc Hub Fac Res Res Distress Signals 14 | . . 1 . . . . . . . . . . . 4 2 . 3 1 1 2 Communications Jammed . | . . . . . . . . . . . . . . . . . . . . . Distress Signals . | . . . . . . . . . . . . . . . . . . . . . Times Spotted 270 | . 9 8 8 . 3 11 20 20 8 . 8 11 3 21 13 13 22 9 55 28 Peak Tracking Total 19 | . 4 3 4 . 3 3 5 8 5 . 5 3 1 5 5 3 19 3 15 15 Tactical Retreats 23 | . 1 1 1 . . . 1 5 1 . 1 1 . 1 . . . 1 8 1 Traps | -11 -10 -9 -9 -9 -8 -8 -7 -7 -7 -7 -6 -6 -5 -5 -5 -5 -5 -4 -3 -2 ------- Run | Scr Mat Mat Min Exi Min Mat Fac Low Low Dat Pro Fac Fac Ext Cet Arc Hub Fac Res Res Traps Triggered 7 | . 1 . . . . . 2 . . . . . 1 1 . . 1 1 . . Indirectly . | . . . . . . . . . . . . . . . . . . . . . Trap Hack Attempts . | . . . . . . . . . . . . . . . . . . . . . Triggered . | . . . . . . . . . . . . . . . . . . . . . Disarmed . | . . . . . . . . . . . . . . . . . . . . . Reprogrammed . | . . . . . . . . . . . . . . . . . . . . . Reused . | . . . . . . . . . . . . . . . . . . . . . Traps Extracted . | . . . . . . . . . . . . . . . . . . . . . Installed . | . . . . . . . . . . . . . . . . . . . . . Triggered . | . . . . . . . . . . . . . . . . . . . . . Machines | -11 -10 -9 -9 -9 -8 -8 -7 -7 -7 -7 -6 -6 -5 -5 -5 -5 -5 -4 -3 -2 ---------- Run | Scr Mat Mat Min Exi Min Mat Fac Low Low Dat Pro Fac Fac Ext Cet Arc Hub Fac Res Res Machines Disabled 35 | . . 1 . . . . . . . . . . 1 2 2 4 19 1 5 . Max in Single Turn 18 | . . 1 . . . . . . . . . . 1 . . 1 18 1 1 . Garrison Access 1 | . . . . . . . . . . . . . . . . . 1 . . . Network Hub 1 | . . . . . . . . . . . . . . . . . 1 . . . Energy Cycler 1 | . . . . . . . . . . . . . . 1 . . . . . . Machines Sabotaged . | . . . . . . . . . . . . . . . . . . . . . Garrisons Compromised . | . . . . . . . . . . . . . . . . . . . . . Overloaded Fab Kills . | . . . . . . . . . . . . . . . . . . . . . Fab Network Shutdowns 4 | . . . . . . . . . . . . 1 1 . . . . . 1 1 Hacking | -11 -10 -9 -9 -9 -8 -8 -7 -7 -7 -7 -6 -6 -5 -5 -5 -5 -5 -4 -3 -2 --------- Run | Scr Mat Mat Min Exi Min Mat Fac Low Low Dat Pro Fac Fac Ext Cet Arc Hub Fac Res Res Machines Accessed 64 | . 1 2 1 1 . 1 6 . . 3 . 13 11 3 . 1 7 3 7 4 Terminals 37 | . 1 2 1 . . 1 2 . . . . 9 6 3 . . 6 1 2 3 Fabricators 7 | . . . . . . . 3 . . . . 1 1 . . . . . 1 1 Repair Stations 7 | . . . . . . . 1 . . . . 1 3 . . . . 1 1 . Recycling Units . | . . . . . . . . . . . . . . . . . . . . . Scanalyzers 1 | . . . . . . . . . . . . 1 . . . . . . . . Garrison Access 7 | . . . . . . . . . . . . 1 1 . . . 1 1 3 . Total Hacks 269 | . 3 4 1 1 . 2 17 . . 24 . 43 50 10 . 25 22 13 29 25 Successful 168 | . . 2 1 1 . 1 10 . . 24 . 25 36 4 . 25 11 8 14 6 Failed 101 | . 3 2 . . . 1 7 . . . . 18 14 6 . . 11 5 15 19 Catastrophic 13 | . . . . . . . 2 . . . . . . 1 . . 1 . 3 6 Database Lockouts . | . . . . . . . . . . . . . . . . . . . . . Manual 80 | . . . . 1 . 2 6 . . . . 15 9 . 1 1 16 5 17 7 Terminals 133 | . 3 4 1 . . 2 6 . . . . 31 30 10 . . 19 5 6 16 Fabricators 35 | . . . . . . . 9 . . . . 2 5 . . . . . 10 9 Repair Stations 28 | . . . . . . . 2 . . . . 3 14 . . . . 5 4 . Recycling Units . | . . . . . . . . . . . . . . . . . . . . . Scanalyzers 5 | . . . . . . . . . . . . 5 . . . . . . . . Garrison Access 18 | . . . . . . . . . . . . 2 1 . . . 3 3 9 . Terminal Hacks 105 | . . 2 1 1 . . 2 . . 24 . 17 16 4 . 25 8 2 1 2 Record 37 | . . . . . . . . . . 6 . 3 2 1 . 25 . . . . Part Schematic 23 | . . . . . . . 2 . . 9 . 5 3 1 . . . 1 1 1 Robot Schematic 10 | . . . . . . . . . . 6 . . 3 . . . 1 . . . Robot Analysis 4 | . . . . . . . . . . . . 2 1 . . . . . . 1 Prototype ID Bank 3 | . . . . . . . . . . 3 . . . . . . . . . . Level Access Points 1 | . . . . . . . . . . . . . . . . . 1 . . . Branch Access Points 1 | . . . . . . . . . . . . 1 . . . . . . . . Machine Index 1 | . . . . . . . . . . . . 1 . . . . . . . . Repair Station Index 1 | . . . . . . . . . . . . . 1 . . . . . . . Alert Level 2 | . . . . . . . . . . . . 1 . . . . 1 . . . Unreport Threat 8 | . . . . . . . . . . . . 2 3 . . . 3 . . . Locate Traps 1 | . . . . . . . . . . . . . . 1 . . . . . . Extermination Status 1 | . . . . . . . . . . . . . . 1 . . . . . . Recall Extermination 2 | . . . . . . . . . . . . 1 1 . . . . . . . Recall Assault 1 | . . . . . . . . . . . . . . . . . . 1 . . Zone Layout 8 | . . 2 1 . . . . . . . . 1 2 . . . 2 . . . EX-Prototype ID Bank 1 | . . . . 1 . . . . . . . . . . . . . . . . Fabricator Hacks 18 | . . . . . . . 6 . . . . 2 3 . . . . . 3 4 Network Status 1 | . . . . . . . 1 . . . . . . . . . . . . . Load Schematic 8 | . . . . . . . 3 . . . . 1 1 . . . . . 1 2 Build 9 | . . . . . . . 2 . . . . 1 2 . . . . . 2 2 Repair Station Hacks 22 | . . . . . . . 2 . . . . . 12 . . . . 4 4 . Scan Component 11 | . . . . . . . 1 . . . . . 6 . . . . 2 2 . Repair 10 | . . . . . . . 1 . . . . . 5 . . . . 2 2 . Refit 1 | . . . . . . . . . . . . . 1 . . . . . . . Recycling Unit Hacks . | . . . . . . . . . . . . . . . . . . . . . Scanalyzer 3 | . . . . . . . . . . . . 3 . . . . . . . . Insert Component 2 | . . . . . . . . . . . . 2 . . . . . . . . Analyze 1 | . . . . . . . . . . . . 1 . . . . . . . . Garrison Access Hacks . | . . . . . . . . . . . . . . . . . . . . . Unauthorized Hacks 20 | . . . . . . 1 . . . . . 3 5 . . . 3 2 6 . Terminals 6 | . . . . . . 1 . . . . . 1 2 . . . 2 . . . Assimilate 1 | . . . . . . . . . . . . . 1 . . . . . . . Detonate 1 | . . . . . . . . . . . . . . . . . 1 . . . Disrupt 2 | . . . . . . . . . . . . 1 . . . . 1 . . . Operators 2 | . . . . . . 1 . . . . . . 1 . . . . . . . Fabricators 4 | . . . . . . . . . . . . . 2 . . . . . 2 . Prioritize 2 | . . . . . . . . . . . . . 1 . . . . . 1 . Siphon 2 | . . . . . . . . . . . . . 1 . . . . . 1 . Repair Stations . | . . . . . . . . . . . . . . . . . . . . . Recycling Units . | . . . . . . . . . . . . . . . . . . . . . Scanalyzers . | . . . . . . . . . . . . . . . . . . . . . Garrison Access 10 | . . . . . . . . . . . . 2 1 . . . 1 2 4 . Reprogram 9 | . . . . . . . . . . . . 1 1 . . . 1 2 4 . Watchers 1 | . . . . . . . . . . . . 1 . . . . . . . . Data Cores Recovered . | . . . . . . . . . . . . . . . . . . . . . Used . | . . . . . . . . . . . . . . . . . . . . . Hacking Detections 43 | . 1 1 . . . 1 4 . . . . 10 8 2 . . 6 2 5 3 Full Trace Events 2 | . 1 . . . . . 1 . . . . . . . . . . . . . Feedback Events . | . . . . . . . . . . . . . . . . . . . . . Feedback Blocked . | . . . . . . . . . . . . . . . . . . . . . Robot Schematics Acquired 10 | . . . . . . . . . . 6 . . 3 . . . 1 . . . Robots Built 7 | . . . . . . . . . . . . . 1 . . . . . 4 2 Matter 1112 | . . . . . . . . . . . . . 238 . . . . . 556 318 Time 224 | . . . . . . . . . . . . . 84 . . . . . 84 56 Total Robot Build Rating 42 | . . . . . . . . . . . . . 6 . . . . . 24 12 Part Schematics Acquired 24 | . . . . . . . 2 . . 9 . 6 3 1 . . . 1 1 1 Parts Built 8 | . . . . . . . 3 . . . . 1 2 . . . . . . 2 Matter 1001 | . . . . . . . 336 . . . . 285 234 . . . . . . 146 Time 336 | . . . . . . . 119 . . . . 76 117 . . . . . . 24 Total Part Build Rating 36 | . . . . . . . 11 . . . . 5 14 . . . . . . 6 Parts Repaired 10 | . . . . . . . 1 . . . . . 5 . . . . 2 2 . Time 403 | . . . . . . . 40 . . . . . 192 . . . . 118 53 . Parts Recycled . | . . . . . . . . . . . . . . . . . . . . . Recycled Matter . | . . . . . . . . . . . . . . . . . . . . . Retrieved Matter . | . . . . . . . . . . . . . . . . . . . . . Retrieved Components . | . . . . . . . . . . . . . . . . . . . . . Parts Scanalyzed 2 | . . . . . . . . . . . . 2 . . . . . . . . Part Schematics Acquired 1 | . . . . . . . . . . . . 1 . . . . . . . . Parts Damaged . | . . . . . . . . . . . . . . . . . . . . . Bothacking | -11 -10 -9 -9 -9 -8 -8 -7 -7 -7 -7 -6 -6 -5 -5 -5 -5 -5 -4 -3 -2 ------------ Run | Scr Mat Mat Min Exi Min Mat Fac Low Low Dat Pro Fac Fac Ext Cet Arc Hub Fac Res Res Used RIF Installer . | . . . . . . . . . . . . . . . . . . . . . Robots Hacked . | . . . . . . . . . . . . . . . . . . . . . Non-combat . | . . . . . . . . . . . . . . . . . . . . . Combat . | . . . . . . . . . . . . . . . . . . . . . Robot Hacks Applied . | . . . . . . . . . . . . . . . . . . . . . Relay Couplers Released 1 | . . . . . . . . . . . . . . . . . 1 . . . Machine Destruction 1 | . . . . . . . . . . . . . . . . . 1 . . . Robots Rewired 21 | . . . . . . . . 2 . . . 1 . 18 . . . . . . Allies Hacked . | . . . . . . . . . . . . . . . . . . . . . Hacks Repelled . | . . . . . . . . . . . . . . . . . . . . . Allies | -11 -10 -9 -9 -9 -8 -8 -7 -7 -7 -7 -6 -6 -5 -5 -5 -5 -5 -4 -3 -2 -------- Run | Scr Mat Mat Min Exi Min Mat Fac Low Low Dat Pro Fac Fac Ext Cet Arc Hub Fac Res Res Total Allies 46 | . . . 1 . . . . 2 . . 1 1 2 24 3 . 1 1 8 2 Largest Group 16 | . . . 1 . . . . 2 1 . 1 1 2 16 16 16 12 1 5 2 Highest-Rated Group 674 | . . . 31 . . . . 48 16 . 94 20 70 575 674 658 451 27 307 108 Highest-Rated Ally 156 | . . . 31 . . . . 32 16 . 94 20 60 156 156 134 94 27 90 54 Total Orders 4 | . . . . . . . . . 1 . . . 3 . . . . . . . STAY 1 | . . . . . . . . . . . . . 1 . . . . . . . ROAM 2 | . . . . . . . . . 1 . . . 1 . . . . . . . FOLLOW 1 | . . . . . . . . . . . . . 1 . . . . . . . Ally Attacks 406 | . . . 7 . . . 16 37 8 . 13 . . 94 78 27 47 . 72 7 Total Damage 11948 | . . . 123 . . . 883 1654 55 . 233 . . 2616 2341 806 1394 . 1548 295 Kills 83 | . . . 1 . . . 6 12 . . 3 . . 15 14 5 11 . 14 2 Allies Corrupted 2 | . . . . . . . . . . . . . . 1 . . 1 . . . Allies Melted 2 | . . . . . . . . . . . . . . . 1 . . . 1 . Turrets Deployed 2 | . . . . . . . 1 1 . . . . . . . . . . . . Intel | -11 -10 -9 -9 -9 -8 -8 -7 -7 -7 -7 -6 -6 -5 -5 -5 -5 -5 -4 -3 -2 ------- Run | Scr Mat Mat Min Exi Min Mat Fac Low Low Dat Pro Fac Fac Ext Cet Arc Hub Fac Res Res Robot Analysis Total 4 | . . . . . . . . . . . . 2 1 . . . . . . 1 Derelict Logs Recovered 4 | . . . 2 . . . . 1 . . 1 . . . . . . . . . Drone Launches . | . . . . . . . . . . . . . . . . . . . . . Drone Recoveries . | . . . . . . . . . . . . . . . . . . . . . Exploration | -11 -10 -9 -9 -9 -8 -8 -7 -7 -7 -7 -6 -6 -5 -5 -5 -5 -5 -4 -3 -2 ------------- Run | Scr Mat Mat Min Exi Min Mat Fac Low Low Dat Pro Fac Fac Ext Cet Arc Hub Fac Res Res Turns Passed 13030 | 86 480 496 1090 501 495 567 2032 534 501 25 1050 1025 897 662 208 116 380 477 903 505 Spaces Moved 12379 | 52 254 251 591 302 326 410 1379 755 514 77 423 1802 838 708 258 94 667 626 1488 564 Core 96 | 18 . . . . . . . . . . 4 . . 36 . . . . . 38 Treads . | . . . . . . . . . . . . . . . . . . . . . Legs 1885 | 34 254 251 591 302 326 127 . . . . . . . . . . . . . . Wheels 762 | . . . . . . 283 479 . . . . . . . . . . . . . Hover 21 | . . . . . . . . . . . . . . . . . . . . 21 Flight 9615 | . . . . . . . 900 755 514 77 419 1802 838 672 258 94 667 626 1488 505 Fastest Speed 29 | 50 120 150 150 150 150 110 32 32 32 32 29 32 37 40 40 40 40 40 37 37 Average Speed 67 | 116 146 150 171 161 150 122 128 32 32 32 33 34 37 43 40 40 40 40 39 41 Slowest Speed 555 | 200 150 150 180 180 150 150 555 32 32 32 200 120 40 120 40 40 120 40 120 150 Overloaded Moves 35 | . . . . . . . . . . . 26 9 . . . . . . . . Propulsion Burnouts . | . . . . . . . . . . . . . . . . . . . . . Robots Hopped 91 | . . . . . . . 1 1 . . . 26 11 14 . 2 9 1 25 1 Cave-ins Triggered . | . . . . . . . . . . . . . . . . . . . . . Exploration Rate (%) 48 | 4 25 24 97 61 61 34 25 69 62 68 57 29 17 85 78 87 58 19 40 18 Regions Visited 20 Branch Regions 11 Pre-discovered Areas 2 | . . . . . . . . . . 1 1 . . . . . . . . . Known Exits Taken 14 | . . . . . . 1 1 1 1 1 1 1 1 1 1 1 1 1 1 . Unknown Exits Taken 6 | 1 1 1 1 1 1 . . . . . . . . . . . . . . . Scrap Searched 10 | . . . 2 . 1 . . 2 3 . 2 . . . . . . . . . Spaces Dug 8 | . . . . . . . . . . . . 3 . 1 . . . 2 2 . Terrain Destroyed 374 | . 3 4 2 . . 3 . . . . . 3 2 11 14 7 204 7 114 . Melee 3 | . . . . . . . . . . . . 3 . . . . . . . . Projectile 56 | . . . 2 . . 3 . . . . . . . 11 14 7 9 7 3 . AOE 315 | . 3 4 . . . . . . . . . . 2 . . . 195 . 111 . Terrain Rammed . | . . . . . . . . . . . . . . . . . . . . . Walls Destroyed . | . . . . . . . . . . . . . . . . . . . . . Machines Disabled . | . . . . . . . . . . . . . . . . . . . . . Actions | -11 -10 -9 -9 -9 -8 -8 -7 -7 -7 -7 -6 -6 -5 -5 -5 -5 -5 -4 -3 -2 --------- Run | Scr Mat Mat Min Exi Min Mat Fac Low Low Dat Pro Fac Fac Ext Cet Arc Hub Fac Res Res Total 16371 | 64 333 332 632 318 332 477 1611 1020 839 76 1320 2139 1392 999 319 139 740 828 1713 748 Wait 3094 | . 32 22 . . 5 43 146 226 314 . 881 270 518 116 34 30 38 173 156 90 Move 12188 | 51 253 250 590 301 325 409 1376 752 513 76 422 1753 815 684 257 89 648 623 1439 562 Hop 80 | . . . . . . . 1 1 . . . 22 11 9 . 2 9 1 23 1 Pick Up 95 | 2 11 9 . 5 . 6 17 1 . . 2 15 7 3 . 1 1 2 8 5 Fast Attach 107 | 6 4 6 3 1 1 6 20 2 1 . 1 7 13 6 2 . . 6 12 10 Attach 44 | . . 1 . 2 . 3 2 1 . . 2 7 . 4 . . 4 3 11 4 Detach 22 | . . 1 1 . . . . 1 1 . . 3 . 3 1 . 1 3 4 3 Swap 55 | . 4 6 8 . . 1 4 . . . . 4 7 4 2 1 2 4 8 . Drop 153 | . 8 14 10 9 1 9 26 4 . . 3 15 10 8 2 1 2 1 17 13 Fire 258 | 5 21 23 20 . . . 18 5 10 . 4 15 6 31 21 15 17 12 35 . Melee 83 | . . . . . . . . 13 . . 5 18 5 . . . . . . 42 Ram 19 | . . . . . . . 1 . . . . . . . . . . . . 18 Kick . | . . . . . . . . . . . . . . . . . . . . . Crush . | . . . . . . . . . . . . . . . . . . . . . Escape Stasis 26 | . . . . . . . . . . . . . . 8 . . 18 . . . Rewire 147 | . . . . . . . . 14 . . . 10 . 123 . . . . . . Trap . | . . . . . . . . . . . . . . . . . . . . . Miscellaneous . | . . . . . . . . . . . . . . . . . . . . . Route ------- -11/Scrapyard -10/Materials -9/Materials (discovered 2 exits: *Mat / *Min) -9/Mines (discovered 3 exits: *Mat x2 / *Exi) -9/Exiles (discovered 2 exits: [*Min x2]) -8/Mines -8/Materials (discovered 2 exits: *Fac / Sto) -7/Factory -7/Lower Caves -7/Lower Caves (discovered 2 exits: *Fac / *Dat) -7/Data Miner -6/Proximity Caves -6/Factory (discovered 4 exits: *Fac x2 / Low x2) -5/Factory -5/Extension (discovered 3 exits: *Fac x2 / *Cet) -5/Cetus (discovered 2 exits: *Fac / *Arc) -5/Archives (discovered 3 exits: *Fac / *Hub x2) -5/Hub_04(d) (discovered 4 exits: *Fac x4) -4/Factory -3/Research (discovered 2 exits: *Res x2) -2/Research (discovered 1 exit: [*Tes]) History --------- Turn | Location | Event 29 | -11/Scrapyard | Discovered new exit (range 14) 87 | -11/Scrapyard | Entered Materials 304 | -10/Materials | Build established: Mutant 517 | -10/Materials | Discovered new exit (range 6) 567 | -10/Materials | Entered another Materials area 567 | -9/Materials | Evolved 2 slots: Power x1, Utility x1 855 | -9/Materials | Build established: Scavenger-Mutant 945 | -9/Materials | Discovered new exit (range 6) 973 | -9/Materials | Discovered new exit (range 12) 1063 | -9/Materials | Entered Mines 1070 | -9/Mines | Received a Rocket Launcher from a helpful Derelict 1098 | -9/Mines | Received a Mining Laser from a helpful Derelict 1162 | -9/Mines | Learned location of 1 exit from Materials 1165 | -9/Mines | Met a Derelict bent on vengeance 1179 | -9/Mines | Found a damaged Exp. Sensor Array with a note attached 1183 | -9/Mines | Found Prototype Device 1183 | -9/Mines | Identified Exp. Sensor Array 1284 | -9/Mines | Learned Materials trap positions 1284 | -9/Mines | Discovered new exit (range 8) 1955 | -9/Mines | Discovered new exit (range 13) 1984 | -9/Mines | Discovered new exit (range 11) 2144 | -9/Mines | Deemed a non-threat by the Exiles lab entrance 2153 | -9/Mines | Entered Exiles 2182 | -9/Exiles | Discovered new exit (range 15) 2202 | -9/Exiles | Met 8R-AWN 2229 | -9/Exiles | Met EX-HEX 2278 | -9/Exiles | Met EX-BIN 2303 | -9/Exiles | Aligned with FarCom system 2305 | -9/Exiles | Given EX-Vault access code 2357 | -9/Exiles | Opened EX-Vault 2380 | -9/Exiles | Found AWS/Thermal 2388 | -9/Exiles | Found Skeleton Box 2393 | -9/Exiles | Found Deploy-a-Sentry 2396 | -9/Exiles | Found Deploy-a-Sentry 2398 | -9/Exiles | Found Deploy-a-Sentry 2429 | -9/Exiles | Warned to stay clear of 0b10 Research branches 2476 | -9/Exiles | Met EX-DEC 2527 | -9/Exiles | Discovered new exit (range 12) 2654 | -9/Exiles | Stole three prototypes: AWS/Thermal, Skeleton Box, Deploy-a-Sentry 2654 | -9/Exiles | Entered Mines 2671 | -8/Mines | Build established: Mutant 3140 | -8/Mines | Discovered new exit (range 7) 3149 | -8/Mines | Entered Materials 3149 | -8/Materials | Evolved 2 slots: Utility x2 3150 | -8/Materials | Identified exit to Storage 3151 | -8/Materials | Loaded intel: 8 trap records 3257 | -8/Materials | Build established: Scavenger-Mutant 3644 | -8/Materials | Build established: Mutant 3705 | -8/Materials | Discovered new exit (range 7) 3715 | -8/Materials | Identified exit to Factory 3716 | -8/Materials | Entered Factory 3716 | -7/Factory | Evolved 2 slots: Utility x2 3718 | -7/Factory | FarCom data flow suspended 4202 | -7/Factory | Build established: Hacker-Mutant 5061 | -7/Factory | DAS Turret deployed 5241 | -7/Factory | Fabricated Imp. Hacking Suite (x1) 5492 | -7/Factory | Fabricated Adv. Weight Redist. System (x2) 5584 | -7/Factory | Repaired Exp. Sensor Array? 5713 | -7/Factory | Discovered new exit (range 6) 5719 | -7/Factory | Identified exit to Lower Caves 5748 | -7/Factory | Entered Lower Caves 5756 | -7/Lower Caves | DAS Turret deployed 5898 | -7/Lower Caves | Learned Factory interactive machine intel 5910 | -7/Lower Caves | Build established: Hacker-Sprinter 5997 | -7/Lower Caves | Attracted the attention of an 0b10 outpost 6107 | -7/Lower Caves | Encountered a Warlord checkpoint 6120 | -7/Lower Caves | Spotted B-75 Beast 6147 | -7/Lower Caves | Discovered new exit (range 9) 6149 | -7/Lower Caves | Identified exit to Lower Caves 6282 | -7/Lower Caves | Entered another Lower Caves area 6282 | -7/Lower Caves | Accompanied by 2 allies 6305 | -7/Lower Caves | Discovered new exit (range 8) 6306 | -7/Lower Caves | Encountered a Warlord checkpoint 6307 | -7/Lower Caves | Identified exit to Factory 6777 | -7/Lower Caves | Discovered new exit (range 16) 6782 | -7/Lower Caves | Spotted BB-36Q(f) 6782 | -7/Lower Caves | Spotted FQ-BLA(f) 6782 | -7/Lower Caves | Spotted RO-TBG(f) 6782 | -7/Lower Caves | Spotted 27-QEX(f) 6782 | -7/Lower Caves | Deploy-a-Sentry stolen by Master Thief 6782 | -7/Lower Caves | Identified exit to Data Miner 6783 | -7/Lower Caves | Entered Data Miner 6783 | -7/Data Miner | Discovered new exit (range 7) 6790 | -7/Data Miner | Met Data Miner 6795 | -7/Data Miner | Learned location of Section 7 (-2) 6795 | -7/Data Miner | Acquired the access code to Warlord's prototype stash 6801 | -7/Data Miner | Received God Mode back door access code from Data Miner 6807 | -7/Data Miner | Identified exit to Proximity Caves 6808 | -7/Data Miner | Entered Proximity Caves 6969 | -6/Proximity Caves | Received a Behemoth hack from an annoying Tinkerer 7109 | -6/Proximity Caves | Learned location of Zion (-6) 7132 | -6/Proximity Caves | Attracted the attention of an 0b10 checkpoint 7133 | -6/Proximity Caves | Escorted by Enhanced Grunt 7840 | -6/Proximity Caves | Core integrity fell below 50% 7854 | -6/Proximity Caves | Discovered exit to Factory (range 8) 7858 | -6/Proximity Caves | Entered Factory 7858 | -6/Factory | Evolved 2 slots: Utility x2 7859 | -6/Factory | Loaded intel: 45 interactive machine locations 7888 | -6/Factory | Lost 5 parts (1p2n2w) 8047 | -6/Factory | Discovered new exit (range 13) 8340 | -6/Factory | Identified exit to Lower Caves 8346 | -6/Factory | Discovered new exit (range 16) 8356 | -6/Factory | Identified exit to Factory 8378 | -6/Factory | Spotted B-75 Beast 8423 | -6/Factory | Build established: Hacker-Mutant 8569 | -6/Factory | Fabricated Lgt. Regenerative Plating (x1) 8666 | -6/Factory | Local fabrication network quarantined 8883 | -6/Factory | Entered another Factory area 8883 | -5/Factory | Evolved 2 slots: Utility x2 8981 | -5/Factory | Spotted B-75 Beast 9036 | -5/Factory | Discovered new exit (range 13) 9102 | -5/Factory | Repaired Exp. Sensor Array? 9152 | -5/Factory | Repaired Med. Storage Unit 9210 | -5/Factory | Repaired Nuclear Pulse Thruster 9250 | -5/Factory | Repaired Adv. Weight Redist. System 9289 | -5/Factory | Repaired Adv. Weight Redist. System 9518 | -5/Factory | Fabricated Field Propulsion Array (x2) 9571 | -5/Factory | Local fabrication network quarantined 9608 | -5/Factory | Fabricated I-47 Archangel (x1) 9749 | -5/Factory | Identified exit to Extension 9753 | -5/Factory | Build established: Hacker-Scout 9780 | -5/Factory | Entered Extension 9780 | -5/Extension | Accompanied by 2 allies 9798 | -5/Extension | Rescued a captive Derelict 9830 | -5/Extension | Rescued a captive Derelict 9831 | -5/Extension | Rescued a captive Derelict 9831 | -5/Extension | Energy Cycler disabled 9832 | -5/Extension | Rescued a captive Derelict 9832 | -5/Extension | Rescued a captive Derelict 9832 | -5/Extension | Rescued a captive Derelict 9832 | -5/Extension | Rescued a captive Derelict 9832 | -5/Extension | Rescued a captive Derelict 9834 | -5/Extension | Rescued a captive Derelict 9834 | -5/Extension | Rescued a captive Derelict 9834 | -5/Extension | Rescued a captive Derelict 9836 | -5/Extension | Rescued a captive Derelict 9839 | -5/Extension | Rescued a captive Derelict 9841 | -5/Extension | Rescued a captive Derelict 9841 | -5/Extension | Rescued a captive Derelict 9842 | -5/Extension | Rescued a captive Derelict 9884 | -5/Extension | Rescued A7 9899 | -5/Extension | Lost 3 parts (1p1n1u) 10021 | -5/Extension | Discovered new exit (range 19) 10021 | -5/Extension | Spotted B-75 Beast 10043 | -5/Extension | Allies destroyed B-75 Beast 10359 | -5/Extension | Discovered new exit (range 10) 10359 | -5/Extension | Discovered new exit (range 6) 10387 | -5/Extension | Identified exit to Cetus 10442 | -5/Extension | Entered Cetus 10442 | -5/Cetus | Accompanied by 16 allies (A7) 10447 | -5/Cetus | Acquired a Cetus Manufacturing Module code from A7 10450 | -5/Cetus | Spotted Cetus Guard 10451 | -5/Cetus | Spotted Cetus Guard 10452 | -5/Cetus | Spotted Cetus Guard 10453 | -5/Cetus | Spotted Cetus Guard 10456 | -5/Cetus | Destroyed Cetus Guard 10473 | -5/Cetus | Allies destroyed Cetus Guard 10476 | -5/Cetus | Destroyed Cetus Guard 10479 | -5/Cetus | Allies destroyed Cetus Guard 10491 | -5/Cetus | Started Cetus Manufacturing Module 10502 | -5/Cetus | Remotely autohacked Sealed Heavy Doors 10503 | -5/Cetus | Escorted A7 to Cetus Mainframe 10516 | -5/Cetus | Manufactured an Enhanced Grunt 10529 | -5/Cetus | Discovered new exit (range 22) 10541 | -5/Cetus | Manufactured an Enhanced Grunt 10541 | -5/Cetus | Build established: Commander-Mutant 10544 | -5/Cetus | Spotted Cetus Guard 10544 | -5/Cetus | Spotted Cetus Guard 10547 | -5/Cetus | Destroyed Cetus Guard 10548 | -5/Cetus | Spotted Cetus Guard 10553 | -5/Cetus | Allies destroyed Cetus Guard 10553 | -5/Cetus | Spotted Cetus Guard 10566 | -5/Cetus | Manufactured an Enhanced Grunt 10566 | -5/Cetus | Discovered new exit (range 23) 10570 | -5/Cetus | Allies destroyed Cetus Guard 10572 | -5/Cetus | Destroyed Cetus Guard 10578 | -5/Cetus | Met Revision 17 10579 | -5/Cetus | Cetus Manufacturing Module disabled 10623 | -5/Cetus | Identified exit to Archives 10650 | -5/Cetus | Entered Archives 10650 | -5/Archives | Accompanied by 16 allies (A7) 10655 | -5/Archives | Received a hacking code to weaken MAIN.C 10671 | -5/Archives | Discovered new exit (range 22) 10690 | -5/Archives | Unable to access archive contents 10701 | -5/Archives | Discovered new exit (range 15) 10728 | -5/Archives | Discovered new exit (range 22) 10730 | -5/Archives | Unable to access archive contents 10741 | -5/Archives | Identified exit to Hub_04(d) 10766 | -5/Archives | Entered Hub_04(d) 10766 | -5/Hub_04(d) | Accompanied by 12 allies 10772 | -5/Hub_04(d) | Identified exit to Factory 11104 | -5/Hub_04(d) | Network Hub disabled 11104 | -5/Hub_04(d) | Spotted Lightning 11104 | -5/Hub_04(d) | Spotted Lightning 11104 | -5/Hub_04(d) | Spotted Lightning 11105 | -5/Hub_04(d) | Spotted Lightning 11105 | -5/Hub_04(d) | Spotted Lightning 11106 | -5/Hub_04(d) | Spotted Lightning 11106 | -5/Hub_04(d) | Spotted Lightning 11112 | -5/Hub_04(d) | Spotted Lightning 11113 | -5/Hub_04(d) | Spotted Lightning 11137 | -5/Hub_04(d) | Lost 3 parts (2u1w) 11146 | -5/Hub_04(d) | Entered Factory 11146 | -4/Factory | Evolved 2 slots: Utility x2 11272 | -4/Factory | Repaired Field Propulsion Array 11330 | -4/Factory | Repaired Mic. Fission Core 11396 | -4/Factory | First assault squad dispatched 11611 | -4/Factory | Discovered new exit (range 4) 11623 | -4/Factory | Identified exit to Research 11623 | -4/Factory | Entered Research 11623 | -3/Research | Evolved 2 slots: Utility x2 11639 | -3/Research | Found Prototype Device 11639 | -3/Research | Identified Exp. Thermal Shield 11714 | -3/Research | Discovered new exit (range 23) 11797 | -3/Research | Build established: Wizard-Mutant 11857 | -3/Research | Fabricated P-70 Sage (x2) 11886 | -3/Research | Fabricated P-70 Sage (x2) 11904 | -3/Research | First assault squad dispatched 11926 | -3/Research | Found Gamma Bomb Array 11931 | -3/Research | Local fabrication network quarantined 11994 | -3/Research | Repaired Adv. Weight Redist. System 12029 | -3/Research | Repaired Hyp. Railgun 12160 | -3/Research | Garrison activated, responded to threat 12185 | -3/Research | Incoming assault squad redirected 12433 | -3/Research | Garrison activated, responded to threat 12442 | -3/Research | Spotted B-86 Titan 12466 | -3/Research | Incoming assault squad redirected 12474 | -3/Research | High security lockdown imminent 12507 | -3/Research | Lost 4 parts (1n3u) 12520 | -3/Research | Discovered new exit (range 13) 12520 | -3/Research | Spotted B-86 Titan 12525 | -3/Research | Identified exit to Research 12526 | -3/Research | Entered another Research area 12526 | -2/Research | Evolved 2 slots: Utility x2 12531 | -2/Research | Found Enh. Force Lance 12534 | -2/Research | Found Enh. Force Lance 12535 | -2/Research | Found Enh. Force Lance 12679 | -2/Research | Found Prototype Launcher 12679 | -2/Research | Identified Enh. Gamma Bomb Array 12705 | -2/Research | Fabricated Adv. Weight Redist. System (x2) 12731 | -2/Research | Build established: Hacker-Scout 12769 | -2/Research | Fabricated P-70 Sage? 12907 | -2/Research | System corruption reached 10% 12919 | -2/Research | Local fabrication network quarantined 12963 | -2/Research | Core integrity fell below 50% 13021 | -2/Research | Discovered new exit (range 9) 13026 | -2/Research | First assault squad dispatched 13028 | -2/Research | Core integrity fell below 20% 13031 | -2/Research | Destroyed by S-43 Plague with Heavy Machine Gun Last Messages --------------- area. 13018_ Slammed into U-05 Engineer. 13021_ EXIT=FOUND 13022_ Imp. Hacking Suite destroyed. 13024_ Slug penetrates Wall. 13025_ HSTEJYV3V MSCDBY4 YNNI0| 13025_ Slammed into Y-72 Warden. 13026_ ALERT: Significant disruption in Zone 6W, assault force dispatched. 13026_ Discarded Adv. Signal Interpreter. 13027_ Discarded Core Analyzer. 13027_ Penetrated by Slug. 13027_ Discarded Imp. System Shield. 13028_ Penetrated by Slug. 13028_ Slug penetrates Wall. 13028_ Discarded Imp. System Shield. 13028_ Dropped Skeleton Box. 13029_ Dropped Gamma Bomb Array. 13029_ Penetrated by Slug. 13029_ Slug penetrates Y-72 Warden. 13030_ Penetrated by Slug. Map ----- +----------------------------------------------------+ | ?????????????????????????????????????????????????? | | ?????????????????????????????????????????????????? | | ?????????????????????????????????????????????????? | | ?????????????????????????????????????????????????? | | ?????????????????????????????????????????????????? | | ?????????????????????????????????????????????????? | | ?????????????????????????????????????????????????? | | ?????????????????????????????????????????????????? | | ?????????????????????????????????????????????????? | | ?????????????????? ??????????????????????????????? | | ?????????????????? ??????????????????????????????? | | ?????????????????? ??????????????????????????????? | | ?????????????????? ??????????????????????????????? | | ?????????????????? ??????????????????????????????? | | ?????????????????? ??????????????????????????????? | | ?????????????????? ??????????????????????????????? | | ?????????????????# #?????????????????????????????? | | ?????????????????# #?????????????????????????????? | | ?????????????????# #?????????????????????????????? | | ?????????????????# #?????????????????????????????? | | ?????????????????# #?????????????????????????????? | | ??????????###????# #????###+###????????#?????????? | | ??????????# ??# #????# ##### ?????????? | | ??????????# # ###### Y #????????? | | ??????????# + ]Y! sh sus s +????????? | | ??????????# [ # ######@ h #????????? | | ??????????# ??# #????# ##### ?????????? | | ??????????# ????# #????#######??????????????????? | | ??????????#??????# #?????????????????????????????? | | ?????????????????#%#?????????????????????????????? | | ?????????????????# #?????????????????????????????? | | ?????????????????# #?????????????????????????????? | | ################# #?????????????????????????????? | | %%%%%%%% #?????????????????????????????? | | ##### ##/##########?????????????????????????????? | | ?????# ## ??????????????????????????????????????? | | ????## ## ??????????????????????????????????????? | | #### # ?????????????????????????????????????? | | + % # ?????????????????????????????????????? | | #%## # ]????????????????????????????????????? | | ?# ###### =????????????????????????????????????? | | ## ###??######???????????????????????????????????? | | #???????????????????????????????????????????? | | #???????????????????????????????????????????? | | #???????????????????????????????????????????? | | ????????????????????????????????????? | | #######?????????????????????????????????????? | | # ##???????????????????????????????????????????? | | # #????????????????????????????????????????????? | | # +????????????????????????????????????????????? | +----------------------------------------------------+ Best States ------------- Heat Dissipation 65 Energy Generation 31 Energy Capacity 380 Matter Stores 300 Matter Capacity 300 Sight Range 23 Robot Scan Range 30 Terrain Scan Density 10 Additional Mass Support 27 Armor Coverage 375 Resistance: TH 30 Evasion (%) 64 Targeting Accuracy 12 Target Analysis 8 Core Analysis 10 Offensive Hacking 36 Defensive Hacking 38 Item Schematics ----------------- Adv. Weight Redist. System | -7/Factory | Hacked Hacking Suite | -7/Factory | Hacked Cloaking Device | -7/Data Miner | Free Plasma Sword | -7/Data Miner | Free Exp. ECM Suite | -7/Data Miner | Free Exp. Transmission Jammer | -7/Data Miner | Free Triangulator | -7/Data Miner | Free Cmb. Gravmag System | -7/Data Miner | Free Exp. Flexi-carbon Leg | -7/Data Miner | Free Lgt. Regenerative Plating | -7/Data Miner | Free Combat Drone Bay | -7/Data Miner | Free Weapon Cycler | -6/Factory | Scanalyzed Hyp. Gauss Rifle | -6/Factory | Hacked Adv. Targeting Computer | -6/Factory | Hacked Imp. Target Analyzer | -6/Factory | Hacked Adv. Thermal Shield | -6/Factory | Hacked EM Shield | -6/Factory | Hacked Mic. Fission Core | -5/Factory | Hacked Imp. Focal Shield | -5/Factory | Hacked Antigrav System | -5/Factory | Hacked Com. HERF Cannon | -5/Extension | Hacked Impulse Thruster Array | -4/Factory | Hacked Adv. Reaction Control System | -3/Research | Hacked Enh. Quantum Rifle | -2/Research | Hacked Robot Schematics ------------------ S-27 Virus | -7/Data Miner | Free G-50 Soldier | -7/Data Miner | Free I-36 Angel | -7/Data Miner | Free I-47 Archangel | -7/Data Miner | Free H-66 Slayer | -7/Data Miner | Free P-70 Sage | -7/Data Miner | Free A-15 Conveyor | -5/Factory | Hacked R-10 Processor | -5/Factory | Hacked K-01 Serf | -5/Factory | Hacked R-06 Scavenger | -5/Hub_04(d) | Hacked Fabricated ------------ Imp. Hacking Suite | x1 | -7/Factory | Preloaded Adv. Weight Redist. System | x2 | -7/Factory Lgt. Regenerative Plating | x1 | -6/Factory Field Propulsion Array | x2 | -5/Factory | Preloaded I-47 Archangel | x1 | -5/Factory P-70 Sage | x2 | -3/Research P-70 Sage | x2 | -3/Research Adv. Weight Redist. System | x2 | -2/Research P-70 Sage | x2 | -2/Research Alien Tech Used ----------------- None Achievements -------------- None Challenges ------------ None Game ------ Seed StructuralWardroneThruster Manual? 0 Play Time 02:01:08 Cumulative 183.5 hours Start 2021.05.05 @ 09:13:34 End 2021.05.05 @ 12:14:59 Sessions 3 Manual Loads 0 Difficulty Rogue Special Mode None Game No. 365 Rogue 211 Adventurer 148 Explorer 6 Win Type - Total 3 Types 3/0/0/0/0/0/0/0/0 Lore% 70 Gallery% 81 Achievement% 59 Wizard Run 0 Options --------- ASCII 0 Keyboard 0 Movement Numpad Keybinds 0 Fullscreen 1 Font 14/X11 Map View 84x54 Tactical HUD 1 Map Filters NONE Filters NONE Steam 1 RUN: aa29affe-e730-43a1-951a-b21d43f38fdd